 Dungeon Crawl Stone Soup version 0.28-a0-664-gc179e30c89 (webtiles) character file.

Game seed: 17754841766715626695

25233 flotson the Fighter (level 12, -11/95 HPs)
             Began as a Demonspawn Delver on Oct 15, 2021.
             Was an Initiate of Gozag.
             Engulfed by an ice statue's freezing vapour (36 damage)
             ... in an ice cave.
             The game lasted 00:37:08 (17785 turns).

flotson the Fighter (Demonspawn Delver)            Turns: 17785, Time: 00:37:08

Health: -11/95     AC: 17    Str: 19    XL:     12   Next: 87%
Magic:  21/21      EV: 12    Int: 14    God:    Gozag
Gold:   1479       SH: 15    Dex: 14    Spells: 11/11 levels left

rFire   + . .      SeeInvis .   a - +3 broad axe (vorpal)
rCold   . . .      Faith    .   v - +0 tower shield
rNeg    + . .      Spirit   .   y - +3 leather armour {rF+}
rPois   +          Reflect  .   H - +0 helmet
rElec   .          Harm     .   J - +0 cloak
rCorr   .          Rampage  .   E - +0 pair of gloves {Str+3}
Will    .....                   n - +2 pair of boots of the Hidden Vale {MP+9}
Stlth   ++........              F - amulet of regeneration
HPRegen 1.25/turn               s - ring of poison resistance
MPRegen 0.17/turn               G - ring of positive energy

@: no status effects
A: icy blue scales 2, ignite blood 1, demonic magic 1, weakness stinger 1
a: Renounce Religion, Potion Petition, Call Merchant, Bribe Branch


You were in an ice cave.
You worshipped Gozag.
Gozag was most pleased with you.
You visited 3 branches of the dungeon, and saw 15 of its levels.
You also visited: Ice Cave and Volcano.

You collected 2566 gold pieces.
You spent 1001 gold pieces at shops.
You paid 86 gold pieces to Gozag.

Inventory:

Hand Weapons
 a - a +3 vorpal broad axe (weapon)
 b - the +8 mace "Ovuisazu" {vorpal, rElec rN+}
   (You found it on level 7 of the Dungeon)

   It inflicts extra damage upon your enemies.
   rElec:     It insulates you from electricity.
   rN:        It protects you from negative energy.
Missiles
 B - 36 poisoned darts
 C - 2 atropa-tipped darts (quivered)
 P - 3 boomerangs
 W - 6 javelins
Armour
 l - a +2 chain mail of fire resistance
 n - the +2 pair of boots of the Hidden Vale (worn) {MP+9}
   (You found it on level 2 of the Lair of Beasts)

   MP:        It affects your magic capacity (+9).
 v - a +0 tower shield (worn)
 y - a +3 leather armour of fire resistance (worn)
 E - a +0 pair of gloves of strength (worn)
 H - a +0 helmet (worn)
 J - a +0 cloak (worn)
Jewellery
 s - a ring of poison resistance (left hand)
 F - an amulet of regeneration (around neck)
 G - a ring of positive energy (right hand)
Wands
 g - a wand of digging (3)
 h - a wand of flame (16)
 j - a wand of mindburst (20)
 k - a wand of polymorph (9)
 o - a wand of charming (5)
Scrolls
 c - 3 scrolls of fog
 e - a scroll of silence {unknown}
 f - 2 scrolls of blinking {unknown}
 i - 2 scrolls of brand weapon
 p - 4 scrolls of enchant armour
 K - 2 scrolls of vulnerability
 M - a scroll of torment {unknown}
 N - a scroll of teleportation
 Q - 2 scrolls of immolation
 R - a scroll of acquirement {unknown}
 T - a scroll of summoning
Potions
 d - 3 potions of haste
 m - 3 potions of attraction
 q - 4 potions of might
 r - 2 potions of berserk rage
 t - a potion of invisibility
 u - a potion of cancellation
 w - 7 potions of curing
 x - a potion of flight
 z - 7 potions of lignification
 A - 2 potions of heal wounds
 I - 2 potions of resistance
 O - 4 potions of mutation
 U - 4 potions of ambrosia
Miscellaneous
 V - a lightning rod (inert)


   Skills:
 + Level 9.2 Fighting
 + Level 7.6 Axes
 + Level 7.2 Throwing
 + Level 8.0 Armour
 + Level 8.2 Dodging
 - Level 4.5 Stealth
 + Level 7.4 Shields
 + Level 8.3 Evocations


You had 11 spell levels left.
You didn't know any spells.
Your spell library contained the following spells:

 Spells                   Type           Power      Damage    Failure   Level
 Sandblast                Erth           0%         2d4       97%         1
 Shock                    Conj/Air       0%         1d3       97%         1
 Passwall                 Tmut/Erth      0%         N/A       99%         2
 Scorch                   Fire           0%         2d5       99%         2
 Portal Projectile        Hex/Tloc       0%         N/A       100%        3
 Stone Arrow              Conj/Erth      0%         3d7       100%        3
 Swiftness                Air            0%         N/A       100%        3
 Airstrike                Air            0%         N/A       100%        4
 Cause Fear               Hex            0%         N/A       100%        4
 Flame Wave               Conj/Fire      0%         3d3       100%        4
 Blade Hands              Tmut           0%         N/A       100%        5
 Excruciating Wounds      Necr           0%         N/A       100%        5
 Summon Cactus Giant      Summ           0%         N/A       100%        6
 Dragon Form              Tmut           0%         N/A       100%        7
 Dragon's Call            Summ           0%         N/A       100%        9


Dungeon Overview and Level Annotations

Branches:
Dungeon (11/15)            Temple (1/1) D:6            Lair (3/6) D:11
  Swamp (0/4) Lair:2       Spider (0/4) Lair:2          Orc (0/2) D:9
  IceCv (1/1)             Volcano (visited)

Altars:
Ashenzari
Cheibriados
Dithmenos
Elyvilon
Fedhas
Gozag
Hepliaklqana
Kikubaaqudgha
Makhleb
Nemelex Xobeh
Okawaru
Qazlal
Ru
Sif Muna
Trog
Uskayaw
Vehumet
Wu Jian
Xom
Yredelemnul
Zin
The Shining One

Shops:
D:3 [   D:4 !   D:7 *   D:11 *!?*(

Annotations:
D:10 exclusion: obsidian statue IceCv exclusion: ice statue


Innate Abilities, Weirdness & Mutations

You are mostly covered in icy blue scales. (AC +3)
Your demonic aura sometimes causes spilled blood to erupt in flames.
Spells you cast may paralyse adjacent enemies.
You have a small tail.


Message History

You hit the ice beast. You closely miss the ice beast.
You block the ice beast's attack.
The ice beast hits you but does no damage.
You slash the ice statue!
The ice statue is moderately damaged.
You hit the ice beast but do no damage. You completely miss the ice beast.
The ice statue gestures at you. The freezing blast misses you.
You block the ice beast's attack. x2
The ice statue gestures.
You block the ice beast's attack. The ice beast closely misses you.
You slash the ice statue!
The ice statue is heavily damaged.
You hit the ice beast but do no damage. You hit the ice beast.
You are engulfed in freezing vapours.
You block the ice beast's attack. x2
You hit the ice statue.
The ice statue is heavily damaged.
You slash the ice beast! x3; You are engulfed in freezing vapours.
You block the ice beast's attack.
The ice beast hits you but does no damage. x2
The ice statue gestures at you. The bolt of cold misses you.
You block the ice beast's attack. The ice beast hits you.
The ice beast freezes you!
The ice beast hits you but does no damage.
You hit the ice statue but do no damage.
The ice statue is heavily damaged.
You slash the ice beast!
You kill the ice beast!
The ice beast disappears in a puff of smoke!
You hit the ice beast. x2; You are engulfed in freezing vapours.
The ice beast closely misses you.
The ice beast hits you but does no damage.
The ice statue gestures at you. The shard of ice hits you!
* * * LOW HITPOINT WARNING * * *
You hit the ice statue.
The ice statue is heavily damaged.
You barely miss the ice beast. You closely miss the ice beast.
You are engulfed in freezing vapours.
You die...
Your body crumbles into a pile of gold.

##.#....#.## #..##
##..........## ##.#
##............## #..#
##.....#........###
###.##
#.......###.......###...#
#.......#######.......###
##........## #####...#
###.....°.### #.###
###....Y@.# ### ###.°Y8##
#..### #..## ...## ..##
##


You could see an ice statue and 2 ice beasts.

Vanquished Creatures
  A hydra (Lair:2)
  2 two-headed ogres
  2 death yaks (IceCv)
  2 salamanders (Volcano)
  A gargoyle (D:10)
  A black mamba (Lair:2)
  6 cane toads
  4 rime drakes
  2 unseen horrors
  6 komodo dragons
  A queen bee (Lair:1)
  2 trolls (D:11)
  4 polar bears
  Prince Ribbit (D:8)
  A hornet (D:7)
  10 blink frogs
  4 dream sheep (Lair:2)
  Sigmund (D:2)
  A wraith (D:11)
  2 shadows
  A vampire (D:7)
  A tarantella (Lair:2)
  3 basilisks
  A wyvern (D:9)
  20 yaks
  A steam dragon (D:8)
  Menkaure (D:4)
  12 water moccasins
  Duvessa (D:3)
  3 acid dragons (D:11)
  2 orc warriors
  A black bear (D:3)
  A sky beast (D:8)
  3 necrophages
  2 ogres
  3 wolves (IceCv)
  6 centaurs
  6 bullfrogs
  3 kobold brigands
  A gnoll sergeant (D:11)
  3 scorpions
  Dowan (D:3)
  40 killer bees
  3 wights (D:8)
  A howler monkey (D:8)
  2 centaur zombies (D:9)
  A jelly (D:7)
  A gnoll shaman (D:4)
  6 centaur skeletons
  A hound (D:5)
  Crazy Yiuf (D:7)
  An iguana (D:5)
  6 orc wizards
  A hound skeleton (D:4)
  2 howler monkey zombies
  10 gnolls
  7 adders
  A shadow imp (D:7)
  A white imp (D:5)
  An ufetubus (D:5)
  2 adder skeletons (D:4)
  4 dart slugs
  21 orcs
  5 bats
  8 endoplasms
  2 giant cockroaches
  7 goblins
  7 hobgoblins
  4 jackals (D:3)
  5 quokkas
  8 ball pythons
  A frilled lizard (D:1)
  15 kobolds
  7 rats
312 creatures vanquished.

Vanquished Creatures (collateral kills)
  A water moccasin (Lair:1)
  A black bear (Lair:1)
2 creatures vanquished.

Vanquished Creatures (others)
  A komodo dragon (Lair:1)
  An orc warrior (D:11)
  17 fungi
  15 plants
34 creatures vanquished.

Grand Total: 348 creatures vanquished

Notes
Turn   | Place    | Note
-------+----------+-------------------------------------------
     0 | D:5      | flotson the Demonspawn Delver began the quest for the Orb.
     0 | D:5      | Reached XP level 1. HP: 18/18 MP: 1/1
    66 | D:4      | Noticed a water moccasin
   211 | D:3      | Found a faded altar of an unknown god.
   264 | D:2      | Gained mutation: You are partially covered in icy blue
                  | scales. (AC +2) [demonic ancestry]
   264 | D:2      | Reached XP level 2. HP: 16/24 MP: 2/2
   709 | D:1      | Reached skill level 1 in Shields
   713 | D:1      | Reached skill level 1 in Armour
   796 | D:1      | Gained mutation: You are mostly covered in icy blue scales.
                  | (AC +3) [demonic ancestry]
   796 | D:1      | Reached XP level 3. HP: 29/29 MP: 3/3
  1075 | D:2      | Noticed Sigmund
  1886 | D:3      | Found Iddiuko's Antique Armour Emporium.
  1938 | D:3      | Reached XP level 4. HP: 23/37 MP: 2/4
  2212 | D:3      | Noticed a black bear
  2221 | D:3      | Killed a black bear
  2222 | D:3      | Reached skill level 1 in Evocations
  2222 | D:3      | Gained mutation: Your demonic aura sometimes causes spilled
                  | blood to erupt in flames. [demonic ancestry]
  2222 | D:3      | Reached XP level 5. HP: 19/42 MP: 1/5
  2313 | D:3      | Reached skill level 4 in Fighting
  2688 | D:2      | Killed Sigmund
  2689 | D:2      | Reached XP level 6. HP: 28/48 MP: 3/6
  3059 | D:4      | Noticed Menkaure
  3485 | D:4      | Noticed Duvessa
  3486 | D:4      | Noticed Dowan
  3864 | D:4      | Gained mutation: Spells you cast may paralyse adjacent
                  | enemies. [demonic ancestry]
  3864 | D:4      | Reached XP level 7. HP: 45/55 MP: 7/7
  4027 | D:4      | Found Beuzu's Distillery.
  4030 | D:4      | Bought a potion of curing for 30 gold pieces
  4030 | D:4      | Bought a potion of heal wounds for 50 gold pieces
  4916 | D:3      | Killed Duvessa
  5099 | D:3      | Found Iddiuko's Antique Armour Emporium.
  5102 | D:3      | Found a faded altar of an unknown god.
  5245 | D:3      | Killed Dowan
  5246 | D:3      | Reached skill level 1 in Throwing
  5948 | D:4      | Found Beuzu's Distillery.
  6461 | D:5      | Reached skill level 5 in Fighting
  6461 | D:5      | Reached XP level 8. HP: 53/62 MP: 6/8
  7841 | D:6      | Found a staircase to the Ecumenical Temple.
  7850 | Temple   | Entered the Ecumenical Temple
  8040 | Temple   | Became a worshipper of Gozag Ym Sagoz the Greedy
  8359 | D:7      | Gained mutation: You have a small tail. [demonic ancestry]
  8359 | D:7      | Reached XP level 9. HP: 55/69 MP: 9/9
  8608 | D:7      | Found Ucarupes's General Store.
  8615 | D:7      | Bought a scroll of identify for 32 gold pieces
  8760 | D:7      | Reached skill level 6 in Fighting
  8760 | D:7      | Reached skill level 5 in Dodging
  8821 | D:7      | Paralysed by a hornet for 1 turns
  9248 | D:7      | Found a runed translucent door.
  9249 | D:7      | Noticed Crazy Yiuf
  9256 | D:7      | Killed Crazy Yiuf
  9264 | D:7      | Identified the +8 mace "Ovuisazu" {vorpal, rElec rN+}
  9558 | D:4      | Found Beuzu's Distillery.
 10088 | D:4      | Killed Menkaure
 10533 | D:8      | Reached skill level 5 in Armour
 10563 | D:8      | Reached skill level 5 in Evocations
 10867 | D:8      | Noticed Prince Ribbit
 10895 | D:8      | Killed Prince Ribbit
 11317 | D:9      | Reached XP level 10. HP: 77/77 MP: 10/10
 11450 | D:9      | Found a sacrificial altar of Ru.
 11519 | D:9      | Found a staircase to the Orcish Mines.
 11614 | D:10     | Entered Level 10 of the Dungeon
 11777 | D:10     | Reached skill level 5 in Axes
 11856 | D:10     | Noticed an obsidian statue
 12114 | D:10     | Reached skill level 7 in Fighting
 12158 | D:10     | Noticed a gargoyle
 12174 | D:10     | Reached skill level 5 in Shields
 12184 | D:10     | Killed a gargoyle
 12337 | D:10     | Reached skill level 5 in Throwing
 12481 | D:11     | Noticed a two-headed ogre
 12516 | D:10     | Killed a two-headed ogre
 12528 | D:11     | Reached XP level 11. HP: 84/84 MP: 11/11
 12537 | D:11     | Found Etygonus's Antique Weapon Emporium.
 12539 | D:11     | Found Quudd's Magic Scroll Emporium.
 12540 | D:11     | Found Piz Gipnilia's General Store.
 12540 | D:11     | Found Jem Ypea's Distillery.
 12602 | D:11     | Bought a +0 pair of gloves of strength for 161 gold pieces
 12615 | D:11     | Bought a scroll of identify for 32 gold pieces
 12615 | D:11     | Bought a scroll of identify for 32 gold pieces
 12615 | D:11     | Bought a scroll of identify for 32 gold pieces
 12615 | D:11     | Bought a scroll of identify for 32 gold pieces
 12615 | D:11     | Bought a scroll of identify for 32 gold pieces
 12620 | D:11     | Bought a scroll of vulnerability for 120 gold pieces
 12620 | D:11     | Bought a scroll of enchant weapon for 120 gold pieces
 12620 | D:11     | Bought a scroll of immolation for 56 gold pieces
 12620 | D:11     | Bought a scroll of summoning for 152 gold pieces
 12624 | D:11     | Bought a potion of ambrosia for 120 gold pieces
 12967 | D:11     | Noticed a two-headed ogre
 12976 | D:11     | Killed a two-headed ogre
 13016 | D:11     | Found Wayhatiq's CLEARANCE SALE!.
 13146 | D:11     | Found a staircase to the Lair.
 13503 | Lair:1   | Entered Level 1 of the Lair of Beasts
 13657 | Lair:1   | Reached skill level 8 in Fighting
 14213 | Lair:1   | Reached XP level 12. HP: 86/94 MP: 12/12
 14673 | Lair:2   | Found a hole to the Spider Nest.
 14860 | Lair:2   | Identified the +2 pair of boots of the Hidden Vale {MP+9}
 15122 | Lair:2   | Found a staircase to the Swamp.
 15143 | Lair:2   | Found a dark tunnel.
 15149 | Volcano  | Entered a volcano
 16866 | Lair:2   | Noticed a six-headed hydra
 17109 | Lair:1   | Reached skill level 9 in Fighting
 17142 | Lair:2   | Killed a six-headed hydra
 17410 | Lair:3   | Found a frozen archway.
 17414 | IceCv    | Entered an ice cave
 17552 | IceCv    | Noticed a death yak
 17553 | IceCv    | Noticed a death yak
 17566 | IceCv    | Killed a death yak
 17577 | IceCv    | Killed a death yak
 17785 | IceCv    | Engulfed by an ice statue's freezing vapour

Illustrated notes

Levels and vault maps discovered:
D:1:      scummos_arrival_checkerplants, layout_basic
D:2:      layout_loops_corners, minmay_tripent, uniq_sigmund
D:3:      layout_rooms, serial_shops, nicolae_shop_waterfront,
          shapermc_ecumenical_altar_ellora, corexii_leaking_fountain,
          grunt_decor_junction
D:4:      minmay_wonky_spiral, layout_layer_cave, serial_shops,
          kennysheep_mini_moat, hangedman_abyss_or_decor_stabs,
          minmay_joined_circles, uniq_menkaure, uniq_duvessa
D:5:      layout_basic, kennysheep_generic_room_16
D:6:      layout_cave_pools, lemuel_temple_firewalk_b
D:7:      layout_basic, serial_shops, nicolae_shop_waterfront,
          uniq_crazy_yiuf_cottage
D:8:      layout_cave_pods, st_stairs_3, uniq_prince_ribbit1
D:9:      layout_rooms, overflow_temple_1_default, orc_0_dummy
D:10:     layout_basic, nrook_mini_vaults, minivault_15
D:11:     layout_basic, lair_entry_dummy, minmay_shop_grid_forest,
          chequers_serial_rivers_small_b, nicolae_shop_clearance
Temple:   minmay_crystal_snake_temple
Lair:1:   layout_roguey [special_room_bee], grunt_megastairs_1
Lair:2:   layout_long_grid, swamp_mist_pool, spider_nest_entry_rubble,
          nicolae_volcano_entry_two_sided
Lair:3:   layout_roguey, portal_ice_cave_entry_pillars_2, st_stairs_8,
          serial_bayou_lagoon_b, lemuel_fruit_fields, lemuel_fruit_tree
IceCv:    ice_cave_small_giant

Skill      XL: |  1  2  3  4  5  6  7  8  9 10 11 12 |
---------------+-------------------------------------+-----
Dodging        | 2 3 4 5 6 7 8 |  8.2
Shields        | 1 2 3 4 5 6 7 |  7.4
Armour         | 1 2 3 4 5 6 7 8 |  8.0
Evocations     | 1 2 3 4 5 6 7 8 |  8.3
Fighting       | 4 5 6 7 8 9 |  9.2
Axes           | 2 3 4 5 6 7 |  7.6
Throwing       | 1 2 4 5 6 7 |  7.2
Stealth        | |  4.5

Action                   |  1- 3 |  4- 6 |  7- 9 | 10-12 || total
-------------------------+-------+-------+-------+-------++-------
Melee: Hand axe          |   136 |   183 |     5 |       ||   324
       Flail             |       |       |   400 |       ||   400
       Mace              |       |       |    78 |   488 ||   566
       Tailslap          |       |       |    25 |   108 ||   133
       Broad axe         |       |       |       |   177 ||   177
Throw: Dart              |       |       |    16 |     1 ||    17
       Throwing net      |       |       |     3 |       ||     3
Evoke: Wand              |       |     5 |     1 |     8 ||    14
       Lightning rod     |       |       |       |     6 ||     6
  Use: Scroll            |     2 |       |     7 |    16 ||    25
       Potion            |     1 |       |       |     1 ||     2
 Stab: Sleeping          |    11 |     3 |     6 |     5 ||    25
       Held in net/web   |       |       |     2 |       ||     2
       Distracted        |       |       |       |     4 ||     4
Armor: Ring mail         |    64 |    83 |   347 |   392 ||   886
       Leather armour    |     3 |       |       |    67 ||    70
       Chain mail        |       |       |       |     8 ||     8
Dodge: Dodged            |    79 |   113 |   351 |   356 ||   899
Block: Buckler           |    26 |    44 |   133 |       ||   203
       Tower shield      |       |       |    86 |   743 ||   829

Table legend: (Time is in decaauts)
 A = Elapsed time spent in this place.
 B = Non-inter-level travel time spent in this place.
 C = Inter-level travel time spent in this place.
 D = Time resting spent in this place.
 E = Time spent auto-exploring this place.
 F = Levels seen in this place.
 G = Mean time per level.
                   A        B        C        D        E       F      G
               +--------+--------+--------+--------+--------+-----+--------+
         Total |  18474 |  17611 |    863 |   2143 |  11272 |  17 | 1086.7 |
       Dungeon |  13734 |  13066 |    668 |    544 |   9548 |  11 | 1248.5 |
        Temple |    215 |    175 |     40 |      0 |    155 |   1 |  215.0 |
          Lair |   2491 |   2337 |    154 |     75 |   1283 |   3 |  830.3 |
      Ice Cave |    407 |    407 |      0 |      0 |    268 |   1 |  407.0 |
       Volcano |   1624 |   1624 |      0 |   1524 |     18 |   1 | 1624.0 |
               +--------+--------+--------+--------+--------+-----+--------+

Top non-repeatable levels by time:
     D:4: 3328 daAuts
     D:3: 1824 daAuts
 Volcano: 1624 daAuts
     D:2: 1452 daAuts
  Lair:1: 1330 daAuts
     D:7: 1259 daAuts
     D:5: 1182 daAuts
  Lair:2: 1115 daAuts
    D:10: 1002 daAuts
    D:11: 991 daAuts
     D:8: 911 daAuts
     D:1: 693 daAuts
     D:6: 565 daAuts
     D:9: 522 daAuts
   IceCv: 407 daAuts
